 Dungeon Sprint DCSS version 0.31-a0-18-gea43df2a32 (webtiles) character file.

Game seed: 17964036103366548604

947 sircluck the Grappler (level 7, -1/121 HPs)
             Began as a Troll Berserker on May 9, 2023.
             Was a Priest of Trog.
             Slain by a white imp (3 damage)
             ... summoned by a kobold demonologist
             ... in the Dungeon (Sprint I: "Red Sonja").
             The game lasted 00:01:16 (252 turns).

sircluck the Grappler (Troll Berserker)              Turns: 252, Time: 00:01:17

Health: -1/121     AC:  4    Str: 28    XL:     7   Next: 89%
Magic:  6/6        EV: 12    Int:  3    God:    Trog [***...]
Gold:   405        SH:  0    Dex:  9    Spells: 6/6 levels left

rFire   . .          .
                       - Unarmed
rCold   . . .        (no shield)
rNeg    . . .        a - +0 animal skin
rPois   .            (helmet restricted)
rElec   .            (no cloak)
rCorr   .            (gloves unavailable)
SInv    .            (boots unavailable)
Will    .....        (no amulet) Stlth
                     (no ring)
HPRegen 1.20/turn    (no ring)
MPRegen 0.10/turn

%: no teleportation
@: berserking, spiked, very quick
A: large, unfitting armour, claws 3, regeneration 1, shaggy fur 1, tough skin 1
a: Renounce Religion, Berserk, Trog's Hand


You were in the Dungeon.
You worshipped Trog.
Trog was most pleased with you.
You visited 1 branch You collected 405 gold pieces.

Inventory:

Armour
 a - a +0 animal skin (worn)
Wands
 i - a wand of charming (4)
Scrolls
 g - a scroll of blinking
 j - a scroll of identify {unknown}
Potions
 b - a potion of curing
 c - a potion of heal wounds
 d - a potion of haste
 e - 2 potions of magic
 f - a potion of berserk rage
 h - a potion of attraction {unknown}


   Skills:
 + Level 8.5 Fighting
 + Level 8.4 Dodging
 + Level 11.3 Unarmed Combat


You had 6 spell levels left.
You didn't know any spells.
Your spell library was empty.

Dungeon Overview and Level Annotations

Branches:
Dungeon (1/1)

Altars:
Cheibriados
Dithmenos
Elyvilon
Fedhas
Gozag
Hepliaklqana
Kikubaaqudgha
Makhleb
Nemelex Xobeh
Okawaru
Qazlal
Ru
Sif Muna
Trog
Uskayaw
Vehumet
Wu Jian
Xom
Yredelemnul
Zin
The Shining One
Jiyva
Lugonu

Shops:
D *


Innate Abilities, Weirdness & Mutations

You are too large for most types of armour.
You have claws for hands.
Your natural rate of healing is unusually fast.
You are covered in fur. (AC +1)
You have tough skin. (AC +1)


Message History

You kill the floating eye!
Trog accepts your kill. The white imp misses you.
Unknown command.
You claw the white imp!
You kill the white imp!
The white imp disappears in a puff of smoke!
The white imp hits you. The white imp freezes you.
You closely miss the neqoxec. The neqoxec hits you.
The red devil hits you from afar with a +2 trident of protection!!
Barbed spikes become lodged in your body.
The white imp barely misses you.
Unknown command.
A red film seems to cover your vision as you go berserk!
You feel yourself moving faster!
You feel mighty! The red devil misses you. The neqoxec closely misses you.
You closely miss the neqoxec. You barely miss the neqoxec.
The red devil closely misses you. The neqoxec hits you.
The kobold demonologist looks satisfied for a moment.
You mangle the neqoxec!! Your claw misses the neqoxec.
The neqoxec is almost dead.
The ice devil hits you but does no damage.
You eviscerate the neqoxec!!!
You feel the power of Trog in you as your rage grows.
You kill the neqoxec!
The neqoxec disappears in a puff of smoke!
The red devil hits you from afar with a +2 trident of protection!
* * * LOW HITPOINT WARNING * * *
Barbed spikes become lodged in your body.
The ice devil hits you!
* * * LOW HITPOINT WARNING * * *
The ice devil freezes you!
* * * LOW HITPOINT WARNING * * *
You closely miss the white imp.
You scratch the ice devil but do no damage.
The red devil barely misses you. The white imp hits you.
* * * LOW HITPOINT WARNING * * *
The white imp freezes you.
You die...

#####################
.)..#..'..#__#..@4§.#
.#..').#..'..'..#54.#
###'#####'#__####K§.+
##..#...#.####§§ ####
_####..##.#~~§§c#
____##'#_.+§§~.§+
.∩...†..._#§§~.c#
..__##_.#'# +####
____###+#[#


You could see an ice devil (summoned), a kobold demonologist, a red devil
(summoned) and a white imp (summoned).

Vanquished Creatures
  A kobold demonologist (D)
  Sigmund (D)
  A slime creature (D)
  A yak (D)
  A floating eye (D)
  An ogre (D)
  A jelly (D)
  Ijyb (D)
8 creatures vanquished.

Notes
Turn   | Place    | Note
-------+----------+-------------------------------------------
     0 | D        | sircluck the Troll Berserker began the quest for the Orb.
     0 | D        | Reached XP level 1. HP: 22/22 MP: 0/0
     1 | D        | Noticed Ijyb
    31 | D        | Killed Ijyb
    32 | D        | Reached skill level 4 in Unarmed Combat
    32 | D        | Reached XP level 2. HP: 15/32 MP: 1/1
    51 | D        | Noticed an ogre
    55 | D        | Killed an ogre
    56 | D        | Reached skill level 5 in Fighting
    56 | D        | Reached skill level 6 in Unarmed Combat
    56 | D        | Reached XP level 3. HP: 35/42 MP: 2/2
    56 | D        | Reached XP level 4. HP: 42/50 MP: 3/3
    74 | D        | Noticed Sigmund
    87 | D        | Killed Sigmund
    87 | D        | Reached ** piety under Trog
    88 | D        | Reached skill level 8 in Unarmed Combat
    88 | D        | Reached XP level 5. HP: 50/61 MP: 4/4
    88 | D        | Reached XP level 6. HP: 56/68 MP: 5/5
   113 | D        | Found an ornate altar of the Wu Jian Council.
   113 | D        | Found a shimmering blue altar of Sif Muna.
   115 | D        | Found a radiant altar of Vehumet.
   125 | D        | Noticed a centaur warrior
   125 | D        | Noticed a centaur warrior
   136 | D        | Found Lubbese's Assorted Antiques.
   136 | D        | Found an ancient bone altar of Kikubaaqudgha.
   136 | D        | Found a hazy altar of Hepliaklqana.
   136 | D        | Found a stormy altar of Qazlal.
   136 | D        | Found a hide-covered altar of Uskayaw.
   136 | D        | Found a blossoming altar of Fedhas.
   136 | D        | Found a bloodstained altar of Trog.
   136 | D        | Found an iron altar of Okawaru.
   136 | D        | Found a basalt altar of Yredelemnul.
   136 | D        | Found a glowing golden altar of the Shining One.
   136 | D        | Found a snail-covered altar of Cheibriados.
   136 | D        | Found a sacrificial altar of Ru.
   136 | D        | Found a glowing silver altar of Zin.
   136 | D        | Found a shadowy altar of Dithmenos.
   136 | D        | Found a white marble altar of Elyvilon.
   136 | D        | Noticed a yak
   140 | D        | Killed a yak
   141 | D        | Reached skill level 9 in Unarmed Combat
   141 | D        | Found an opulent altar of Gozag.
   142 | D        | Found a sparkling altar of Nemelex Xobeh.
   181 | D        | Found a burning altar of Makhleb.
   181 | D        | Found a viscous altar of Jiyva.
   181 | D        | Found a shimmering altar of Xom.
   181 | D        | Found a corrupted altar of Lugonu.
   181 | D        | Noticed a slime creature
   187 | D        | Killed a slime creature
   187 | D        | Reached *** piety under Trog
   188 | D        | Reached skill level 10 in Unarmed Combat
   188 | D        | Reached XP level 7. HP: 35/79 MP: 6/6
   227 | D        | Noticed a kobold demonologist
   228 | D        | Noticed a kobold demonologist
   232 | D        | Noticed a neqoxec
   232 | D        | Killed a kobold demonologist
   233 | D        | Reached skill level 11 in Unarmed Combat
   233 | D        | Noticed an ice devil
   238 | D        | Paralysed by a floating eye for 4 turns
   239 | D        | Noticed a neqoxec
   242 | D        | Noticed a red devil
   250 | D        | HP: 4/121 [ice devil[a kobold demonologist] (13)]
   252 | D        | Slain by a white imp

Illustrated notes

Levels and vault maps discovered:
D:        dungeon_sprint_1 [red_sonja_temple_1, red_sonja_temple_small_1]

Skill      XL: |  1  2  3  4  5  6  7 |
---------------+----------------------+-----
Fighting       | 3 5 6 7 8 |  8.5
Dodging        | 3 4 6 7 8 |  8.4
Unarmed Combat | 4 6 8 10 11 | 11.3

Action                     |  1- 3 |  4- 6 |  7- 9 || total
---------------------------+-------+-------+-------++-------
  Melee: Unarmed           |    12 |    15 |    19 ||    46
         Punch             |       |       |     1 ||     1
 Invoke: Berserk           |       |       |     1 ||     1
 Armour: Animal skin       |       |     2 |     6 ||     8
  Dodge: Dodged            |     7 |     5 |     8 ||    20

Table legend: (Time is in decaauts)
 A = Elapsed time spent in this place.
 B = Non-inter-level travel time spent in this place.
 C = Inter-level travel time spent in this place.
 D = Time resting spent in this place.
 E = Time spent auto-exploring this place.
 F = Levels seen in this place.
 G = Mean time per level.
                   A        B        C        D        E       F      G
               +--------+--------+--------+--------+--------+-----+--------+
         Total |    243 |    232 |     11 |     18 |     92 |   1 |  243.0 |
       Dungeon |    243 |    232 |     11 |     18 |     92 |   1 |  243.0 |
               +--------+--------+--------+--------+--------+-----+--------+

Top non-repeatable levels by time:
       D: 243 daAuts
